 Dungeon Crawl Stone Soup version 0.22-a0-779-g6f83d72c62 (webtiles) character file.

1726 Mirvelgyr the Cleaver (level 8, -4/73 HPs)
             Began as a Minotaur Berserker on July 19, 2018.
             Was a Priest of Trog.
             Slain by a sky beast (5 damage)
             ... on level 5 of the Dungeon.
             The game lasted 00:05:30 (3675 turns).

Mirvelgyr the Cleaver (Minotaur Berserker)          Turns: 3675, Time: 00:05:30

Health: -4/73      AC:  3    Str: 24    XL:     8   Next: 75%
Magic:  7/7        EV: 14    Int:  4    God:    Trog [***...]
Gold:   210        SH:  0    Dex: 10    Spells: 7/7 levels left

rFire    . . .     SeeInvis .   a - +0 hand axe
rCold    . . .     Gourm    .   (no shield)
rNeg     . . .     Faith    .   g - +0 leather armour
rPois    .         Spirit   .   (helmet restricted)
rElec    .         Reflect  .   (no cloak)
rCorr    .         Harm     .   (no gloves)
MR       ++...                  (no boots)
Stlth    ++........             (no amulet)
HPRegen  1.22/turn              t - ring of stealth (curse)
MPRegen  0.10/turn              (no ring)

@: berserk cooldown, regenerating, slowed, very slow
A: retaliatory headbutt, horns 2
a: Berserk, Trog's Hand, Renounce Religion


You were on level 5 of the Dungeon.
You worshipped Trog.
Trog was most pleased with you.
You were hungry.

You visited 1 branch of the dungeon, and saw 5 of its levels.

You collected 210 gold pieces.

Inventory:

Hand Weapons
 a - a +0 hand axe (weapon)
Armour
 g - a +0 leather armour (worn)
Jewellery
 t - a cursed ring of stealth (left hand)
 w - an uncursed ring of positive energy {unknown}
Wands
 h - a wand of polymorph (16)
 r - a wand of random effects (27)
Scrolls
 b - 4 scrolls of remove curse {unknown}
 e - 2 scrolls of magic mapping {unknown}
 f - 2 scrolls of enchant weapon {unknown}
 i - 4 scrolls of teleportation {unknown}
 j - 7 scrolls of identify {unknown}
 l - 3 scrolls of amnesia {unknown}
 o - a scroll of blinking {unknown}
 p - a scroll of enchant armour {unknown}
 v - a scroll of fog {unknown}
Potions
 d - a potion of lignification {unknown}
 k - 3 potions of degeneration {unknown}
 m - 2 potions of flight {unknown}
 n - 3 potions of curing {unknown}
 q - a potion of haste
 s - a potion of invisibility {unknown}
 u - a potion of heal wounds
Comestibles
 c - 5 rations


   Skills:
 + Level 7.0 Fighting
 * Level 9.3 Axes
 + Level 6.4 Armour
 + Level 5.9 Dodging


You had 7 spell levels left.
You didn't know any spells.
Your spell library was empty.

Dungeon Overview and Level Annotations

Branches:
Dungeon (5/15)
 Temple: D:4-7

Altars:
Xom


Innate Abilities, Weirdness & Mutations

You reflexively headbutt those who attack you in melee.
You have a pair of horns on your head.


Message History

You closely miss the sky beast.
The sky beast hits you but does no damage.
The sky beast flickers out of sight!
Deactivating autopickup; reactivate with Ctrl-A.
Something hits you.
* * * LOW HITPOINT WARNING * * *
Something shocks you.
* * * LOW HITPOINT WARNING * * *
You barely miss something. Your headbutt misses something. Something hits you.
* * * LOW HITPOINT WARNING * * *
Something shocks you.
* * * LOW HITPOINT WARNING * * *
You miss something. Something hits you.
* * * LOW HITPOINT WARNING * * *
Something shocks you.
* * * LOW HITPOINT WARNING * * *
You hit something. Something hits you.
* * * LOW HITPOINT WARNING * * *
Something shocks you.
You die...

...#.........# #....... .
......#.........#####..(...
.#
......'....................
#
......#.........######.##.#
..... #.....(...# #..#.#
......#.......?.# ##.#.#
......#.†.......# ..
.......(%)......# #..
......†)){@.....# ..#
.(.....########## .##....
#.... ...... .......
.<..... .......


There were no monsters in sight!

Vanquished Creatures
  Pikel (D:4)
  Grinder (D:5)
  Edmund (D:4)
  A black bear (D:5)
  An ogre (D:5)
  A centaur (D:4)
  A gnoll sergeant (D:5)
  A howler monkey (D:5)
  2 crimson imps (D:5)
  An orc priest (D:3)
  2 bullfrog zombies (D:5)
  3 hounds
  2 orc wizards (D:3)
  Terence (D:2)
  2 worker ants
  5 gnolls (D:5)
  5 adders
  An adder zombie (D:5)
  3 worms
  2 dart slugs
  A leopard gecko (D:2)
  16 orcs
  4 giant cockroaches
  10 goblins
  6 hobgoblins
  4 jackals (D:2)
  3 quokkas
  2 ball pythons
  9 bats
  5 frilled lizards
  10 kobolds
  6 rats
113 creatures vanquished.

Vanquished Creatures (others)
  2 adders (D:4)
2 creatures vanquished.

Grand Total: 115 creatures vanquished

Notes
Turn   | Place    | Note
-------+----------+-------------------------------------------
     0 | D:1      | Mirvelgyr the Minotaur Berserker began the quest for the Orb.
     0 | D:1      | Reached XP level 1. HP: 19/19 MP: 0/0
    66 | D:1      | Reached XP level 2. HP: 17/27 MP: 1/1
    86 | D:1      | Reached skill level 4 in Axes
   569 | D:2      | Reached XP level 3. HP: 28/33 MP: 2/2
   649 | D:2      | Reached ** piety under Trog
  1069 | D:2      | Noticed Terence
  1075 | D:2      | Reached XP level 4. HP: 40/40 MP: 3/3
  1213 | D:2      | Killed Terence
  1459 | D:3      | Reached skill level 5 in Axes
  1586 | D:3      | Reached XP level 5. HP: 47/47 MP: 4/4
  1592 | D:3      | Reached *** piety under Trog
  2204 | D:4      | Noticed a slave
  2207 | D:4      | Noticed Pikel
  2212 | D:4      | Killed Pikel
  2212 | D:4      | Reached skill level 5 in Fighting
  2212 | D:4      | Reached skill level 7 in Axes
  2212 | D:4      | Reached XP level 6. HP: 57/57 MP: 5/5
  2212 | D:4      | Reached XP level 7. HP: 62/62 MP: 6/6
  2220 | D:4      | Reached skill level 5 in Armour
  2539 | D:4      | Noticed Edmund
  2595 | D:4      | Killed Edmund
  2606 | D:4      | Reached XP level 8. HP: 61/70 MP: 7/7
  2742 | D:4      | Found a shimmering altar of Xom.
  3160 | D:5      | Entered Level 5 of the Dungeon
  3167 | D:5      | Reached skill level 8 in Axes
  3167 | D:5      | Reached skill level 5 in Dodging
  3632 | D:5      | Noticed Grinder
  3658 | D:5      | Killed Grinder
  3658 | D:5      | Reached skill level 9 in Axes
  3664 | D:5      | Received a gift from Trog
  3674 | D:5      | HP: 3/73 [something (5)]
  3675 | D:5      | HP: 1/73 [something (3)]
  3675 | D:5      | Slain by a sky beast

Vault maps used:
D:1:      lemuel_arrival_behind_the_door_small
D:2:      uniq_terence
D:4:      xom_teletrap_fun, uniq_pikel, uniq_edmund
D:5:      first_ration, serial_shops, shop, gammafunk_ghost_grave, uniq_grinder

Skill      XL: |  1  2  3  4  5  6  7  8 |
---------------+-------------------------+-----
Axes           | 4 5 7 9 |  9.3
Fighting       | 4 5 6 7 |  7.0
Armour         | 3 4 5 6 |  6.4
Dodging        | 3 4 5 |  5.9

Action                   |  1- 3 |  4- 6 |  7- 9 || total
-------------------------+-------+-------+-------++-------
Melee: Hand axe          |    93 |    81 |    80 ||   254
       Headbutt          |    12 |    16 |    14 ||    42
       Unarmed           |       |       |     3 ||     3
Invok: Berserk           |       |     3 |     2 ||     5
       Trog's Hand       |       |       |     3 ||     3
  Use: Potion            |       |       |     3 ||     3
  Eat: Chunk             |     1 |     5 |     4 ||    10
       Ration            |       |       |     1 ||     1
Armor: Animal skin       |     5 |       |       ||     5
       Leather armour    |    26 |    14 |    10 ||    50
Dodge: Dodged            |    50 |    49 |    59 ||   158

Table legend:
 A = Spawn XP
 B = Non-spawn XP
 C = Spawn XP percentage of total XP
 D = Spawn monster count
 E = Non-spawn monster count
 F = Spawn count percentage of total count
 G = Total turns spent on level
                    A         B        C        D         E        F      G
               +---------+---------+-------+---------+---------+-------+---------
         Total |       0 |    2466 |   0.0 |       0 |     113 |   0.0 |  3675
               +---------+---------+-------+---------+---------+-------+---------
           D:1 |       0 |      28 |   0.0 |       0 |      16 |   0.0 |   557
           D:2 |       0 |     116 |   0.0 |       0 |      33 |   0.0 |   845
           D:3 |       0 |     216 |   0.0 |       0 |      29 |   0.0 |   794
           D:4 |       0 |    1073 |   0.0 |       0 |      15 |   0.0 |   964
           D:5 |       0 |    1033 |   0.0 |       0 |      20 |   0.0 |   515
               +---------+---------+-------+---------+---------+-------+---------
